 Dungeon Crawl Stone Soup version 0.24-a0-269-g32ec7ca (webtiles) character file.

Game seed: 6452929154537911126

27833 moneyboys the Geomancer (level 13, -16/118 HPs)
             Began as a Naga Earth Elementalist on Mar 11, 2019.
             Was the Champion of Dithmenos.
             Demolished by an orc warrior
             ... wielding a +2 scimitar of holy wrath
              (29 damage)
             ... while paralysed by an orc sorcerer
             ... on level 2 of the Orcish Mines on Apr 22, 2019.
             The game lasted 00:43:59 (18240 turns).

moneyboys the Geomancer (Naga Earth Elementalist)  Turns: 18240, Time: 00:44:00

Health: -16/118    AC:  8    Str: 11    XL:     13   Next: 35%
Magic:  16/25      EV:  1    Int: 20    God:    Dithmenos [******]
Gold:   1558       SH:  0    Dex: 12    Spells: 6/28 levels left

rFire    . . .     SeeInvis +   c - +1 hand axe (venom)
rCold    . . .     Gourm    .   y - +3 shield
rNeg     . . .     Faith    .   J - +0 troll leather armour
rPois    +         Spirit   .   C - +0 helmet
rElec    .         Reflect  .   (no cloak)
rCorr    .         Harm     .   u - +0 pair of gloves
MR       +....                  (no barding)
Stlth    ++++......             H - amulet of magic regeneration
HPRegen  0.69/turn              G - ring of wizardry
MPRegen  0.44/turn              t - ring of wizardry

@: paralysed, wreathed by umbra, very slow
A: large, see invisible, deformed body, poison resistance, slowness 2, slow
metabolism 1, spit poison 1, constrict 1, AC +4
a: Spit Poison, Shadow Step, Shadow Form, Renounce Religion


You were on level 2 of the Orcish Mines.
You worshipped Dithmenos.
Dithmenos was exalted by your worship.
You were very hungry.

You visited 2 branches of the dungeon, and saw 15 of its levels.
You also visited: Sewer.

You collected 1558 gold pieces.

Inventory:

Hand Weapons
 a - a +1 broad axe
 b - a +0 hunting sling
 c - a +1 hand axe of venom (weapon)
 k - a +0 dagger of electrocution
 E - a cursed -1 hand axe
Missiles
 g - 214 sling bullets
 h - 169 stones (quivered)
Armour
 u - a +0 pair of gloves (worn)
 y - a +3 shield (worn)
 C - a +0 helmet (worn)
 J - a +0 troll leather armour (worn)
Magical Staves
 z - an uncursed staff of summoning
Jewellery
 j - an uncursed ring of wizardry
 t - a ring of wizardry (right hand)
 G - a ring of wizardry (left hand)
 H - an amulet of magic regeneration (around neck)
 I - a +1 ring of protection
 N - an uncursed ring of stealth {unknown}
 P - an uncursed amulet of harm {unknown}
Wands
 e - a wand of clouds (4)
 i - a wand of enslavement (7)
 r - a wand of acid (6)
 B - a wand of flame (63)
 O - a wand of disintegration (24)
Scrolls
 s - 2 scrolls of fear
 w - 2 scrolls of amnesia
 D - 2 scrolls of blinking
 F - a scroll of enchant weapon
Potions
 d - 2 potions of mutation
 l - 4 potions of might
 m - 4 potions of curing
 n - 3 potions of lignification
 o - a potion of haste
 v - 2 potions of flight
 x - 3 potions of resistance
 A - 2 potions of brilliance
 K - 2 potions of cancellation
 L - a potion of invisibility
Miscellaneous
 M - a lightning rod (4/4)
Comestibles
 f - 10 rations


   Skills:
 + Level 8.7 Fighting
 - Level 6.3 Axes
 - Level 1.5 Dodging
 - Level 5.0 Stealth
 - Level 9.0 Shields
 + Level 8.4 Spellcasting
 + Level 8.7 Conjurations
 - Level 2.0 Charms
 - Level 1.0 Transmutations
 + Level 9.4 Earth Magic
 - Level 6.2 Invocations


You had 6 spell levels left.
You knew the following spells:

 Your Spells              Type           Power        Failure   Level  Hunger
a - Sandblast             Erth           #####.       1%          1    None
b - Stone Arrow           Conj/Erth      #####.       1%          3    None
c - Lee's Rapid Deconstr  Erth           #####.....   1%          5    #####..
d - Regeneration          Chrm/Necr      ##........   6%          3    None
e - Confusing Touch       Hex            #.....       3%          1    None
f - Passwall              Tmut/Erth      ####....     1%          2    None
g - Spectral Weapon       Hex/Chrm       ##......     6%          3    None
h - Petrify               Tmut/Erth      ####....     3%          4    ###....

Your spell library contained the following spells:

 Spells                   Type           Power        Failure   Level  Hunger
 Infusion                 Chrm           ###.         1%          1    None
 Song of Slaying          Chrm           ###.....     1%          2    None
 Shroud of Golubria       Chrm/Tloc      ##........   3%          2    None
 Confuse                  Hex            #.......     9%          3    None
 Gell's Gravitas          Tloc           #.........   9%          3    None
 Yara's Violent Unravell  Hex/Tmut       ##........   50%         5    #####..
 Metabolic Englaciation   Hex/Ice        #.........   56%         5    #####..


Dungeon Overview and Level Annotations

Branches:
Dungeon (13/15)            Temple (0/1) D:6            Lair (0/6) D:8
    Orc (2/2) D:11            Elf (0/3) Orc:2
 Vaults: D:13-14

Altars:
Ashenzari
Cheibriados
Dithmenos
Elyvilon
Gozag
Kikubaaqudgha
Makhleb
Okawaru
Qazlal
Ru
Trog
Vehumet
Zin

Shops:
D:12 :   D:13 [

Portals:
Bazaar: Orc:2


Innate Abilities, Weirdness & Mutations

You cannot wear boots.
Your serpentine skin is tough. (AC +4)
You have supernaturally acute eyesight. (SInv)
Armour fits poorly on your strangely shaped body.
Your system is resistant to poisons. (rPois)
You cover ground very slowly.
You have a slow metabolism.
You can spit poison.
You can use your snake-like lower body to constrict enemies.


Message History

The orc sorcerer looks as sick as possible!
You closely miss the orc warrior. You hit the ice devil but do no damage.
Your shadow hits the orc knight with a hand axe.
Your shadow barely misses the ice devil.
Your shadow hits the orc warrior with a hand axe.
Your shadow completely misses the orc sorcerer.
Your shadow barely misses the orc warrior.
You constrict the orc knight, but do no damage.
The orc warrior barely misses you.
The orc sorcerer gestures at you while chanting.
You suddenly lose the ability to move!
You lose your grip on the orc knight.
The orc warrior hits you with a +0 short sword!!
The orc knight hits you with a +0 great sword!
The ice devil hits you!
* * * LOW HITPOINT WARNING * * *
The ice devil freezes you!
* * * LOW HITPOINT WARNING * * *
The orc sorcerer hits you but does no damage.
The orc warrior hits you with a +2 scimitar of holy wrath!!
You die...

..###.....###.##
...##......#...##
....##....##....######
#..........#...###...###
............#.###......##
#.##.....#.#..##.....÷..#
##............#.3.)##..÷..#
#....#...#...##ooo## oo..#
##..##.......#..@.# o...
####.......#..4o## ÷÷.
##.#.........# ..
###.....)....# .
##........))..#
##.............#
##..............#
#...........#####
#..........#)##


You could see an orc knight, an ice devil, a neqoxec, an orc sorcerer and 2 orc
warriors.

Vanquished Creatures
  3 two-headed ogres
  Urug (Orc:1)
  An orc high priest (Orc:2)
  A fire crab (shapeshifter) (D:13)
  An obsidian statue (Orc:2)
  2 orc knights (Orc:2)
  3 ugly things
  A manticore (D:11)
  5 cyclopes
  An orc sorcerer (Orc:2)
  2 centaur zombies
  A gargoyle (D:12)
  An efreet (D:13)
  A kobold demonologist (D:12)
  10 trolls
  A hornet (D:11)
  4 hippogriffs
  2 wyverns
  2 vampires
  A wraith (D:11)
  A shadow (D:11)
  9 yaks
  Grum (D:9)
  10 vampire mosquitoes
  A human (D:7)
  4 hungry ghosts
  A warg (D:11)
  A soldier ant (D:8)
  A porcupine (D:8)
  An eye of draining (D:10)
  21 orc warriors
  6 ice beasts
  4 black bears
  7 sky beasts
  7 ogres
  3 wolves (D:9)
  14 centaurs
  9 big kobolds
  13 bullfrogs
  A wyvern zombie (D:7)
  A wyvern skeleton (D:11)
  8 scorpions
  4 killer bees
  4 wights
  A vampire bat (D:7)
  6 crimson imps
  3 bullfrog zombies
  3 quasits
  A gnoll shaman (D:7)
  4 centaur skeletons
  9 hounds
  4 jellies
  A bullfrog skeleton (D:9)
  18 orc priests
  2 iguanas
  22 orc wizards
  13 worker ants
  2 hound skeletons
  A worker ant zombie (D:7)
  18 gnolls
  11 adders
  2 shadow imps (D:5)
  2 oozes
  An adder zombie (D:5)
  2 adder skeletons
  3 worms
  4 dart slugs
  6 leopard geckos
  80 orcs
  5 bat skeletons (D:7)
  A bat zombie (D:7)
  6 giant cockroaches
  9 goblins
  6 hobgoblins
  4 jackals
  26 kobolds
  3 quokkas
  2 ball pythons
  10 bats
  6 frilled lizards
  A quokka skeleton (D:9)
  8 rats
  A fungus (D:8)
  A plant (D:8)
484 creatures vanquished.

Vanquished Creatures (others)
  2 killer bees (D:10)
  An orc priest (Orc:2)
  7 fungi (D:8)
  4 plants (D:8)
  2 spectral weapons
16 creatures vanquished.

Grand Total: 500 creatures vanquished

Notes
Turn   | Place    | Note
-------+----------+-------------------------------------------
     0 | D:1      | moneyboys the Naga Earth Elementalist began the quest for
                  | the Orb.
     0 | D:1      | Reached XP level 1. HP: 15/15 MP: 3/3
   249 | D:1      | Reached XP level 2. HP: 20/24 MP: 0/5
   480 | D:1      | Reached skill level 1 in Fighting
   565 | D:1      | Reached XP level 3. HP: 31/31 MP: 4/6
   879 | D:2      | Learned a level 3 spell: Stone Arrow
   919 | D:2      | Found a bloodstained altar of Trog.
  1468 | D:2      | Reached XP level 4. HP: 25/38 MP: 3/7
  1958 | D:2      | Reached skill level 1 in Conjurations
  2194 | D:3      | Found a glowing silver altar of Zin.
  2242 | D:3      | Found a sacrificial altar of Ru.
  2432 | D:3      | Reached XP level 5. HP: 45/45 MP: 6/9
  2500 | D:3      | Reached skill level 1 in Axes
  2685 | D:3      | You fall through a shaft for 3 floors!
  2686 | D:6      | Noticed a centaur
  2686 | D:6      | Noticed a sky beast
  2689 | D:6      | Killed a centaur
  2689 | D:6      | Reached skill level 5 in Stealth
  2689 | D:6      | Reached XP level 6. HP: 39/52 MP: 0/10
  2792 | D:6      | Killed a sky beast
  2881 | D:6      | Found a snail-covered altar of Cheibriados.
  2891 | D:6      | Found a shadowy altar of Dithmenos.
  2935 | D:6      | Became a worshipper of Dithmenos the Shadowed
  3129 | D:6      | Found a staircase to the Ecumenical Temple.
  3129 | D:6      | Noticed an ice beast
  3132 | D:6      | Reached XP level 7. HP: 61/61 MP: 4/12
  3531 | D:6      | Found an iron altar of Okawaru.
  3712 | D:5      | Entered Level 5 of the Dungeon
  3715 | D:5      | Reached skill level 1 in Invocations
  3905 | D:5      | Reached XP level 8. HP: 46/69 MP: 9/13
  3977 | D:5      | Found a glowing drain.
  3986 | Sewer    | Entered a sewer
  4110 | Sewer    | Found a white marble altar of Elyvilon.
  4379 | D:5      | Reached skill level 5 in Earth Magic
  4607 | D:5      | Reached skill level 1 in Shields
  4642 | D:5      | Reached * piety under Dithmenos
  5026 | D:4      | Found a burning altar of Makhleb.
  6363 | D:5      | Learned a level 2 spell: Passwall
  6369 | D:5      | Learned a level 5 spell: Lee's Rapid Deconstruction
  6470 | D:5      | Reached XP level 9. HP: 78/78 MP: 5/15
  7092 | D:7      | Reached ** piety under Dithmenos
  7913 | D:7      | Found a white marble altar of Elyvilon.
  7913 | D:7      | Found a faded altar of an unknown god.
  7918 | D:7      | Found a radiant altar of Vehumet.
  7920 | D:7      | Found a faded altar of an unknown god.
  7922 | D:7      | Found an opulent altar of Gozag.
  8095 | D:7      | Found an ancient bone altar of Kikubaaqudgha.
  8194 | D:7      | Reached skill level 5 in Spellcasting
  8287 | D:7      | Reached skill level 5 in Fighting
  8645 | D:7      | Reached XP level 10. HP: 52/88 MP: 7/17
  8779 | D:7      | Upgraded the game from 0.24-a0-170-gd8427f5 to
                  | 0.24-a0-269-g32ec7ca
  8785 | D:7      | Learned a level 4 spell: Petrify
  8861 | D:8      | Reached skill level 5 in Conjurations
  9008 | D:7      | Reached skill level 5 in Axes
  9673 | D:8      | Reached *** piety under Dithmenos
  9779 | D:8      | Found a staircase to the Lair.
  9785 | D:8      | HP: 3/88 [orc warrior/+0 halberd (15)]
 10053 | D:8      | Reached skill level 5 in Invocations
 10070 | D:8      | Reached skill level 5 in Shields
 10203 | D:8      | Learned a level 3 spell: Regeneration
 10220 | D:8      | Noticed a cyclops
 10241 | D:8      | Killed a cyclops
 10474 | D:8      | You fall through a shaft for 2 floors!
 10474 | D:10     | Entered Level 10 of the Dungeon
 10645 | D:9      | Noticed Grum
 10893 | D:10     | Reached XP level 11. HP: 70/97 MP: 6/19
 11618 | D:8      | Learned a level 3 spell: Spectral Weapon
 11813 | D:9      | Reached **** piety under Dithmenos
 11862 | D:9      | Killed Grum
 12374 | D:9      | Found a stormy altar of Qazlal.
 12464 | D:9      | Found a shattered altar of Ashenzari.
 12603 | D:9      | Noticed a two-headed ogre
 12624 | D:9      | Killed a two-headed ogre
 13051 | D:10     | Learned a level 1 spell: Confusing Touch
 13414 | D:11     | Noticed a two-headed ogre
 13422 | D:11     | Killed a two-headed ogre
 13425 | D:11     | Reached skill level 1 in Charms
 13747 | D:11     | Noticed a red ugly thing
 13759 | D:11     | Killed a red ugly thing
 13856 | D:11     | Noticed a manticore
 13860 | D:11     | Killed a manticore
 13954 | D:11     | Found a staircase to the Orcish Mines.
 13965 | D:11     | Reached XP level 12. HP: 99/109 MP: 22/22
 14573 | D:12     | Reached ***** piety under Dithmenos
 14819 | D:12     | Found Kuacur Bige's Book Shoppe.
 15560 | D:13     | Found Tatuoh's Armour Emporium.
 16012 | D:12     | Noticed a soul eater
 16465 | D:13     | Gained mutation: You can use your snake-like lower body to
                  | constrict enemies. [Naga growth]
 16465 | D:13     | Reached XP level 13. HP: 104/117 MP: 11/24
 16799 | Orc:1    | Entered Level 1 of the Orcish Mines
 16847 | Orc:1    | Reached ****** piety under Dithmenos
 17135 | Orc:2    | Entered Level 2 of the Orcish Mines
 17149 | Orc:1    | Noticed Urug
 17319 | Orc:1    | Killed Urug
 17481 | Orc:2    | Found a staircase to the Elven Halls.
 18134 | Orc:2    | Found a gateway to a bazaar.
 18239 | Orc:2    | Paralysed by an orc sorcerer for 5 turns
 18240 | Orc:2    | Demolished by an orc warrior

Levels and vault maps discovered:
D:1:      dpeg_arrival_arbitrary_a, layout_rooms, minmay_ruptured
D:2:      layout_loops_corners, bloody_trog
D:3:      layout_loops_ring, nicolae_ru_sacrificial_ziggurat,
          overflow_temple_1_default, first_ration
D:4:      kennysheep_six_static_rooms, layout_basic, lemuel_doored_altar,
          kennysheep_generic_room_11
D:5:      layout_loops_ring, cheibrodos_sewer_entry_sluice, minmay_crystal_room
D:6:      layout_basic, okawaru_trees_1, grunt_temple_overflow_open,
          minmay_temple_entry_junction
D:7:      layout_rooms, kennysheep_vampire_church,
          chequers_temple_overflow_minitemple, grunt_livestock
D:8:      minmay_s_stair_smasher, layout_basic, grunt_lair_entry_orc_guard_hut
D:9:      layout_basic, cheibrodos_ashenzari_chains, kennysheep_mini_moat,
          uniq_grum
D:10:     layout_basic
D:11:     layout_long_grid, david_orc_1_choice
D:12:     layout_long_grid, serial_shops, shop
D:13:     layout_cave_pools, serial_shops, shop_fountains
Orc:1:    layout_diamond_mine, uniq_urug
Orc:2:    grunt_orc_tribal_feast, layout_diamond_mine, serial_shops, statue_bzr
Sewer:    sewer_kobolds

Skill      XL: |  1  2  3  4  5  6  7  8  9 10 11 12 13 |
---------------+----------------------------------------+-----
Fighting       | 1 2 3 4 5 6 7 8 |  8.7
Stealth        | 4 5 |  5.0
Conjurations   | 1 2 3 4 5 6 8 |  8.7
Axes           | 1 2 3 4 5 6 |  6.3
Spellcasting   | 3 4 5 6 7 8 |  8.4
Earth Magic    | 4 5 6 7 8 9 |  9.4
Invocations    | 1 3 4 5 6 |  6.2
Shields        | 2 4 5 7 8 9 |  9.0
Charms         | 1 2 |  2.0
Dodging        | |  1.5
Transmutations | |  1.0

Action                   |  1- 3 |  4- 6 |  7- 9 | 10-12 | 13-15 || total
-------------------------+-------+-------+-------+-------+-------++-------
Melee: Short sword       |     5 |       |       |       |       ||     5
       Broad axe         |       |    25 |    52 |       |       ||    77
       Hand axe          |       |       |    96 |   315 |   123 ||   534
       Dagger            |       |       |       |    18 |     1 ||    19
       Constrict         |       |       |       |       |    26 ||    26
 Fire: Hunting sling     |    30 |    57 |    46 |       |       ||   133
Throw: Stone             |       |       |     2 |     3 |       ||     5
 Cast: Sandblast         |    29 |    20 |   102 |   158 |     9 ||   318
       Stone Arrow       |       |     6 |    66 |   233 |    29 ||   334
       Lee's Rapid Decon |       |       |       |    24 |    13 ||    37
       Spectral Weapon   |       |       |       |     4 |       ||     4
       Petrify           |       |       |       |     2 |     1 ||     3
       Regeneration      |       |       |       |     4 |     1 ||     5
       Passwall          |       |       |       |     2 |       ||     2
       Confusing Touch   |       |       |       |     1 |     2 ||     3
 Abil: Spit Poison       |     2 |     3 |     8 |    33 |     4 ||    50
Evoke: Wand              |       |       |       |     7 |       ||     7
       Lightning rod     |       |       |       |     1 |       ||     1
  Use: Scroll            |       |       |     7 |    20 |     1 ||    28
       Potion            |       |       |     1 |     8 |     2 ||    11
 Stab: Sleeping          |       |     1 |     7 |     3 |       ||    11
       Distracted        |       |       |       |     2 |       ||     2
  Eat: Chunk             |       |     2 |     9 |    25 |     3 ||    39
       Ration            |       |     1 |     3 |     7 |       ||    11
Armor: Robe              |     4 |     8 |   109 |    34 |       ||   155
       Troll leather arm |       |       |       |   159 |    20 ||   179
Dodge: Dodged            |    20 |    33 |   231 |   349 |    38 ||   671
Block: Shield            |       |       |       |   300 |   114 ||   414

Table legend:
 A = Non-vault XP
 B = Vault XP
 C = Vault XP percentage of total XP
 D = Non-vault monster count
 E = Vault monster count
 F = Vault count percentage of total count
                 A         B        C        D         E       F
            +---------+---------+-------+---------+---------+-------
      Total |   31091 |    8671 |  21.8 |     403 |      79 |  16.4
            +---------+---------+-------+---------+---------+-------
        D:1 |      37 |       3 |   7.5 |      20 |       2 |   9.1
        D:2 |      98 |       0 |   0.0 |      16 |       0 |   0.0
        D:3 |     135 |       0 |   0.0 |      23 |       0 |   0.0
        D:4 |     323 |     135 |  29.5 |      20 |       4 |  16.7
        D:5 |     840 |       6 |   0.7 |      23 |       2 |   8.0
        D:6 |     981 |       0 |   0.0 |      15 |       0 |   0.0
        D:7 |    1452 |    1166 |  44.5 |      33 |      13 |  28.3
        D:8 |    2268 |    2035 |  47.3 |      32 |      17 |  34.7
        D:9 |    2555 |     553 |  17.8 |      32 |       4 |  11.1
       D:10 |    1892 |       0 |   0.0 |      17 |       0 |   0.0
       D:11 |    4659 |     633 |  12.0 |      23 |       9 |  28.1
       D:12 |    5989 |       0 |   0.0 |      66 |       0 |   0.0
       D:13 |    6724 |       0 |   0.0 |      40 |       0 |   0.0
      Orc:1 |    1078 |     863 |  44.5 |      28 |       1 |   3.4
      Orc:2 |    2060 |    3166 |  60.6 |      15 |      18 |  54.5
      Sewer |       0 |     111 | 100.0 |       0 |       9 | 100.0
            +---------+---------+-------+---------+---------+-------
